 Dungeon Crawl Stone Soup version 0.30-a0-424-g7412bad402 (webtiles) character file.

Game seed: 4637373404763338778

123 Sabo the Ducker (level 5, -3/39 HPs)
             Began as a Djinni Gladiator on Dec 9, 2022.
             Was an Initiate of Hepliaklqana.
             Slain by a wight
             ... wielding a +3 flail
              (9 damage)
             ... on level 7 of the Dungeon.
             The game lasted 00:17:01 (3351 turns).

Sabo the Ducker (Djinni Gladiator)                  Turns: 3351, Time: 00:17:02

Health: -3/39      AC: 11    Str: 15    XL:     5   Next: 29%
Gold:   119        EV:  7    Int:  9    God:    Hepliaklqana [......] SH:  0 Dex: 15

rFire   + + .      SeeInvis .    k - +2 short sword (venom)
rCold   x . .      Faith    .    (no shield)
rNeg    . . .      Spirit   .    j - +0 chain mail
rPois   ∞          Reflect  .    c - +2 helmet
rElec   .          Harm     .    (no cloak)
rCorr   .          Rampage  .    (no gloves)
Will    .....                    (boots unavailable)
Stlth   ..........               o - amulet of the acrobat
HPRegen 0.26/turn                (no ring)
MPRegen 0.00/turn                (no ring)

@: flying
A: sickness immunity, fire resistance 2, cold vulnerability 1, float, innate
caster, HP casting, extra vitality 1
a: Renounce Religion


You were on level 7 of the Dungeon.
You worshipped Hepliaklqana.
Hepliaklqana was noncommittal.
You visited 1 branch of the dungeon, and saw 6 of its levels.

You collected 119 gold pieces.

Inventory:

Hand Weapons
 a - a +0 war axe
 f - a +0 sling
 k - a +2 short sword of venom (weapon)
Missiles
 d - 3 throwing nets (quivered)
 e - a javelin
 n - 3 datura-tipped darts
 p - 16 poisoned darts
 v - 6 boomerangs
Armour
 b - a +0 leather armour
 c - a +2 helmet (worn)
 j - a +0 chain mail (worn)
Jewellery
 o - an amulet of the acrobat (around neck)
Scrolls
 g - a scroll of identify {unknown}
 l - a scroll of teleportation
 m - a scroll of fog {unknown}
 q - a scroll of magic mapping {unknown}
 s - a scroll of enchant weapon {unknown}
 t - 2 scrolls of amnesia {unknown}
 u - a scroll of enchant armour
Potions
 h - 7 potions of curing {unknown}
 i - a potion of haste {unknown}
 r - a potion of magic {unknown}
 w - a potion of mutation {unknown}


   Skills:
 + Level 2.3 Fighting
 + Level 1.5 Short Blades
 + Level 2.8 Axes
 + Level 1.7 Throwing
 + Level 1.6 Armour
 + Level 4.2 Dodging
 + Level 0.9 Stealth


You had one spell level left.
You knew the following spells:

 Your Spells              Type           Power      Damage    Failure   Level
a - Summon Small Mammal   Summ           0%         N/A       100%        1
b - Blink                 Tloc           0%         N/A       100%        2
Your spell library was empty.


Dungeon Overview and Level Annotations

Branches:
Dungeon (7/15)
 Temple: D:4-7

Altars:
Hepliaklqana

Shops:
D:3 :

Annotations:
D:6 Eustachio


Innate Abilities, Weirdness & Mutations

You are immune to sickness and miasma.
You are immune to poison.
Your flesh is very heat resistant. (rF++)
You are vulnerable to cold. (rC-)
You float through the air rather than walking.
You learn spells naturally, not from books.
Your magical power is your life essence.
You have superior vitality. (+4 MHP)


Message History

There is a stone staircase leading down here.
You fly downwards.
A sourceless malevolence fills the Dungeon...
You are sucked into a shaft and drop 3 floors!
The shaft crumbles and collapses.
Found a stone staircase leading up.
There is a stone staircase leading up here.
You fly upwards.
Eustachio shouts!
The gnoll shouts! x3; You hear a shout! x3
Found a leather armour, 5 stones, 8 gold pieces and a scale mail.
There is a stone staircase leading down here.
You fly downwards.
There is a stone staircase leading up here.
You reach down and open the door.
There is an open door here.
There is an open door here.
You reach down and open the door.
A wight comes into view. It is wielding a +3 flail.
Unknown command.
There is an open door here.
The wight misses you.
There is an open door here.
You closely miss the wight. The wight hits you with a +3 flail.
You hit the wight but do no damage. The wight hits you with a +3 flail!
You hit the wight but do no damage. The wight hits you with a +3 flail.
You hit the wight but do no damage. The wight hits you with a +3 flail!
* * * LOW HITPOINT WARNING * * *
You closely miss the wight. Your punch misses the wight.
The wight hits you but does no damage.
You closely miss the wight. The wight hits you with a +3 flail.
* * * LOW HITPOINT WARNING * * *
You hit the wight.
The wight is lightly damaged.
The wight closely misses you.
You closely miss the wight.
The wight is lightly damaged.
You hit the wight.
The wight is moderately damaged.
The wight hits you with a +3 flail!
You die...

..........#
..........#
###+####..#
#...###..#
.........#
.........#
##+####..#
#..####..#
#...@z...#
#...#....#
#######..#
##'# ..#
..z# ##..#
#..# ...#


You could see a wight.

Vanquished Creatures
  An orc wizard (D:3)
  A gnoll (D:3)
  3 adders
  A worm (D:3)
  A dart slug (D:3)
  5 orcs (D:3)
  5 endoplasms
  6 goblins
  A hobgoblin (D:2)
  2 jackals (D:2)
  4 kobolds
  4 quokkas
  5 ball pythons
  6 bats
  3 frilled lizards
  6 rats
54 creatures vanquished.

Notes
Turn   | Place    | Note
-------+----------+-------------------------------------------
     0 | D:1      | Sabo the Djinni Gladiator began the quest for the Orb.
     0 | D:1      | Reached XP level 1. HP: 18/18 MP: 0/0
   800 | D:1      | Reached XP level 2. HP: 23/23 MP: 0/0
  1463 | D:2      | Reached XP level 3. HP: 26/28 MP: 0/0
  1463 | D:2      | Learned a level 1 spell: Summon Small Mammal
  1467 | D:2      | Reached skill level 4 in Dodging
  1781 | D:2      | Reached skill level 1 in Armour
  1931 | D:2      | Reached XP level 4. HP: 33/33 MP: 0/0
  2366 | D:3      | Found Qibue's Book Shoppe.
  2631 | D:3      | Reached skill level 1 in Short Blades
  2767 | D:3      | Reached XP level 5. HP: 36/38 MP: 0/0
  2767 | D:3      | Learned a level 2 spell: Blink
  3212 | D:3      | Found a hazy altar of Hepliaklqana.
  3225 | D:3      | Became a worshipper of Hepliaklqana the Forgotten
  3291 | D:4      | You are sucked into a shaft and drop 3 floors!
  3298 | D:6      | Noticed Eustachio
  3351 | D:7      | Slain by a wight

Illustrated notes

Levels and vault maps discovered:
D:1:      evilmike_arrival_hilbert_curve, layout_basic
D:2:      layout_basic, hangedman_abyss_or_decor_stabs, st_stairs_9
D:3:      minmay_bubble_buster, layout_basic,
          mainiacjoe_overflow_six_doors_small, serial_shops, nicolae_shop_stone
D:4:      minmay_polygon_palace, layout_cave_pods,
          minmay_temple_entry_overgrown, nicolae_shop_sticking_my_neck_out,
          uniq_natasha
D:6:      layout_basic, uniq_eustachio
D:7:      layout_gridville, jmf_multi_god_temple, hangedman_glass_teeth,
          minmay_alternating_orb, uniq_joseph

Skill      XL: |  1  2  3  4 |
---------------+-------------+-----
Dodging        | 4 |  4.2
Armour         | 1 |  1.6
Short Blades   | 1 |  1.5
Fighting       | |  2.3
Axes           | |  2.8
Throwing       | |  1.7
Stealth        | |  0.9

Action                   |  1- 3 |  4- 6 || total
-------------------------+-------+-------++-------
Melee: War axe           |    18 |       ||    18
       Short sword       |    71 |    76 ||   147
       Punch             |     1 |       ||     1
  Use: Scroll            |     2 |     1 ||     3
 Stab: Sleeping          |     1 |       ||     1
Armor: Ring mail         |    35 |       ||    35
       Chain mail        |       |    24 ||    24
Dodge: Dodged            |    63 |    50 ||   113

Table legend: (Time is in decaauts)
 A = Elapsed time spent in this place.
 B = Non-inter-level travel time spent in this place.
 C = Inter-level travel time spent in this place.
 D = Time resting spent in this place.
 E = Time spent auto-exploring this place.
 F = Levels seen in this place.
 G = Mean time per level.
                   A        B        C        D        E       F      G
               +--------+--------+--------+--------+--------+-----+--------+
         Total |   3352 |   3352 |      0 |    249 |      0 |   6 |  558.7 |
       Dungeon |   3352 |   3352 |      0 |    249 |      0 |   6 |  558.7 |
               +--------+--------+--------+--------+--------+-----+--------+

Top non-repeatable levels by time:
     D:1: 1335 daAuts
     D:3: 1071 daAuts
     D:2: 886 daAuts
     D:7: 57 daAuts
     D:6: 1 daAuts
